 Dungeon Crawl Stone Soup version 0.31-a0-175-g9f7f995f2b (webtiles) character file.

Game seed: 3123149330736836534

7857 qw the Skirmisher (level 11, -7/103 HPs)
             Began as a Naga Hunter on June 17, 2023.
             Was a Believer of Okawaru.
             Killed from afar by a raiju (17 damage)
             ... with a living lightning
             ... on level 2 of the Abyss.
             The game lasted 00:05:58 (10295 turns).

qw the Skirmisher (Naga Hunter)                    Turns: 10295, Time: 00:05:58

Health: -7/103     AC: 12    Str: 13    XL:     11   Next: 21%
Magic:  13/14      EV: 15    Int: 10    God:    Okawaru [**....]
Gold:   281        SH:  0    Dex: 19    Spells: 10/10 levels left

rFire   + . .        Y - +1 longbow
rCold   + . .        (shield currently unavailable)
rNeg    . . .        n - +2 robe {rC+ rF+}
rPois   +            a - +0 helmet
rElec   .            i - +0 cloak
rCorr   .            d - +1 pair of gloves
SInv    +            (no barding)
Will    +....        (no amulet)
Stlth   ++++         (no ring)
HPRegen 0.37/turn    (no ring)
MPRegen 0.14/turn

%: no passive effects
@: about to teleport, short of breath, heroic, very slow
A: AC +3, large, see invisible, deformed body, poison resistance, slowness 2,
spit poison 1, naga tail 1
a: Spit Poison, Renounce Religion, Heroism


You were on level 2 of the Abyss.
You worshipped Okawaru.
Okawaru was pleased with you.
You visited 1 branch of the dungeon, and saw 10 of its levels.
You visited the Abyss 1 time.

You collected 620 gold pieces.
You spent 339 gold pieces at shops.


Innate Abilities, Weirdness & Mutations

Your serpentine skin is tough. (AC +3)
You have supernaturally acute eyesight. (SInv)
Armour fits poorly on your strangely shaped body.
Your system is resistant to poisons. (rPois)
You cover ground very slowly.
You can spit poison.
You have a snake-like lower body.


   Skills:
 + Level 8.0(13.0) Fighting
 - Level 13.1(18.1) Ranged Weapons
 - Level 1.3(6.3) Armour
 - Level 4.0(9.0) Dodging
 - Level 1.5(6.5) Stealth
 - Level 4.1 Invocations


You had 10 spell levels left.
You didn't know any spells.
Your spell library was empty.

Inventory:

Hand Weapons
 Y - a +1 longbow (weapon)
Armour
 a - a +0 helmet (worn)
 d - a +1 pair of gloves (worn)
 i - a +0 cloak (worn)
 n - a +2 robe of resistance (worn)
Wands
 c - a wand of digging (7)
Scrolls
 b - a scroll of identify
Potions
 j - a potion of resistance
 k - a potion of lignification {unknown}
 l - a potion of curing
 m - 2 potions of enlightenment
 o - a potion of mutation {unknown}

Dungeon Overview and Level Annotations

Branches:
Dungeon (10/15)            Temple (0/1) D:7            Lair (0/5) D:10
    Orc: D:9-12

Altars:
Dithmenos
Fedhas
Makhleb
Okawaru
Wu Jian
Yredelemnul

Shops:
D:3 [   D:6 [([   D:8 *

Annotations:
D:5 3 runed translucent doors, qw's ghost, novice GrFi
D:6 exclusion: gnoll sergeant
D:9 3 runed translucent doors, qw's ghost, journeyman GrHu
D:10 3 runed translucent doors, Erolcha; qw's ghost, journeyman NaHu


Message History

10289 ||| INVOKING Spit Poison.
Aiming: Spit Poison (1% risk of failure)
Press: ? - help, Shift-Dir - straight line, f - raiju, p - will-o-the-wisp The splash of poison hits the raiju!
The raiju is moderately wounded.
The will-o-the-wisp gestures.
The will-o-the-wisp conjures some foxfire!
The raiju closely misses you. 2 foxfires come into view.
You shoot an arrow.
The arrow completely misses the will-o-the-wisp.
The arrow closely misses the raiju.
The foxfire hits you! You resist.
The will-o-the-wisp gestures.
The will-o-the-wisp conjures some foxfire!
The raiju bites you. The raiju shocks you!
A foxfire comes into view.
You shoot an arrow. The arrow hits the will-o-the-wisp!
You destroy the will-o-the-wisp!
Okawaru is honoured by your kill.
Your base Ranged Weapons skill increases to level 13!
You shoot an arrow. The arrow hits the raiju!!
The raiju is almost dead.
The raiju barely misses you.
You shoot an arrow.
The arrow hits the raiju but does no damage.
The raiju is almost dead.
The raiju bursts into living lightning!
The living lightning hits you!!
The raiju blinks!
The raiju completely misses you.
10294 ||| READING scroll of teleportation.
As you read the scroll of teleportation, it crumbles to dust.
You feel strangely unstable.
You feel the power of the Abyss delaying your translocation!
The raiju closely misses you.
You shoot an arrow. The arrow hits the raiju.
The raiju is almost dead.
The raiju bursts into living lightning!
The living lightning hits you!
You die...

.. #h# #._#
#h ...
######.#
###..@h.#.#
#.#%#hh..#
###...###.#
#.#.#.# #
...#
#...#.#
##### #


You could see 3 raiju.

Vanquished Creatures
  Erica (D:8)
  A two-headed ogre (D:9)
  Pikel (D:8)
  A will-o-the-wisp (Abyss:2)
  7 starcursed masses (Abyss:2)
  A hornet (D:8)
  Prince Ribbit (D:8)
  3 blink frogs (Abyss:2)
  2 wyverns
  3 yaks (D:10)
  A small abomination (Abyss:2)
  A steam dragon (D:9)
  2 wargs (D:10)
  2 water moccasins
  2 orc warriors
  An ice beast (D:7)
  A sky beast (D:8)
  2 black bears
  4 centaurs
  2 phantoms
  A lemure (D:8)
  2 kobold brigands
  4 bullfrogs
  A gnoll sergeant (D:6)
  A scorpion (D:4)
  3 killer bees (D:8)
  7 howler monkeys
  2 centaur zombies (D:9)
  9 orc priests
  2 hounds (D:4)
  A jelly (D:6)
  2 sleepcaps
  Ijyb (D:4)
  3 iguanas
  6 orc wizards
  12 adders
  6 gnolls
  A shadow imp (D:5)
  2 white imps (D:5)
  2 ufetubi (D:5)
  A dart slug (D:1)
  34 orcs
  4 bats (D:3)
  5 endoplasms
  3 giant cockroaches
  8 goblins
  11 hobgoblins
  8 jackals
  14 kobolds
  3 quokkas
  4 ball pythons
  2 frilled lizards (D:1)
  3 rats
207 creatures vanquished.

Vanquished Creatures (others)
  7 foxfires (Abyss:2)
7 creatures vanquished.

Grand Total: 214 creatures vanquished

Notes
Turn   | Place    | Note
-------+----------+-------------------------------------------
     0 | D:1      | qw the Naga Hunter began the quest for the Orb.
     0 | D:1      | Reached XP level 1. HP: 19/19 MP: 1/1
     0 | D:1      | 0 ||| qw: Version: 0.3-a-2-g5ab2908
     0 | D:1      | 0 ||| qw: Game counter: 314
     0 | D:1      | 0 ||| qw: Always use a shield: true
     0 | D:1      | 0 ||| qw: God list: Okawaru
     0 | D:1      | 0 ||| qw: Allow faded altars: false
     0 | D:1      | 0 ||| qw: Do Orc after D:15 true
     0 | D:1      | 0 ||| qw: Do second Lair branch before Depths: true
     0 | D:1      | 0 ||| qw: Lair rune preference: random
     0 | D:1      | 0 ||| qw: Plans: Normal
     0 | D:1      | 0 ||| PLANNING D:1-11
    32 | D:1      | 32 ||| INVOKING Spit Poison.
    48 | D:1      | 48 ||| INVOKING Spit Poison.
   121 | D:1      | 121 ||| INVOKING Spit Poison.
   124 | D:1      | 124 ||| INVOKING Spit Poison.
   136 | D:1      | 136 ||| INVOKING Spit Poison.
   137 | D:1      | Reached skill level 4 in Ranged Weapons
   137 | D:1      | Reached XP level 2. HP: 26/26 MP: 2/2
   142 | D:1      | 142 ||| INVOKING Spit Poison.
   183 | D:1      | 183 ||| INVOKING Spit Poison.
   246 | D:1      | 246 ||| INVOKING Spit Poison.
   263 | D:1      | 263 ||| INVOKING Spit Poison.
   267 | D:1      | 267 ||| INVOKING Spit Poison.
   384 | D:1      | 384 ||| INVOKING Spit Poison.
   447 | D:1      | 447 ||| INVOKING Spit Poison.
   563 | D:1      | 563 ||| INVOKING Spit Poison.
   564 | D:1      | Reached XP level 3. HP: 32/32 MP: 3/3
   603 | D:1      | 603 ||| INVOKING Spit Poison.
   608 | D:1      | 608 ||| INVOKING Spit Poison.
   627 | D:1      | 627 ||| INVOKING Spit Poison.
   699 | D:1      | 699 ||| INVOKING Spit Poison.
   711 | D:1      | 711 ||| READING 2 scrolls labelled FUYSAK TITAABB.
   712 | D:1      | 712 ||| READING scroll labelled OMPURE ZEYLI.
   713 | D:1      | 713 ||| READING scroll labelled JUHEUXOLOPP.
   714 | D:1      | 714 ||| READING scroll labelled NARUYM MUFAVVARR.
   715 | D:1      | 715 ||| READING scroll labelled RAZXORASOUPRO.
   816 | D:1      | 816 ||| DROPPING scroll of poison.
   817 | D:1      | 817 ||| DROPPING scroll of butterflies.
   863 | D:2      | 863 ||| INVOKING Spit Poison.
   869 | D:2      | 869 ||| INVOKING Spit Poison.
   897 | D:2      | 897 ||| INVOKING Spit Poison.
   919 | D:2      | 919 ||| INVOKING Spit Poison.
   986 | D:2      | 986 ||| INVOKING Spit Poison.
   990 | D:2      | 990 ||| INVOKING Spit Poison.
  1006 | D:2      | 1006 ||| INVOKING Spit Poison.
  1011 | D:2      | 1011 ||| INVOKING Spit Poison.
  1014 | D:2      | 1014 ||| INVOKING Spit Poison.
  1042 | D:2      | 1042 ||| INVOKING Spit Poison.
  1107 | D:2      | 1107 ||| INVOKING Spit Poison.
  1230 | D:2      | 1230 ||| INVOKING Spit Poison.
  1253 | D:2      | 1253 ||| INVOKING Spit Poison.
  1512 | D:2      | 1512 ||| UPGRADING to +0 cloak.
  1517 | D:2      | 1517 ||| READING scroll labelled SESMUP FOGOAPEZOSS.
  1522 | D:2      | 1522 ||| READING 3 scrolls labelled DAUMIA BOTZ.
  1523 | D:2      | 1523 ||| READING scroll labelled UHIRHE GAESHOO.
  1524 | D:2      | 1524 ||| READING scroll labelled KIOFUN CYVA.
  1525 | D:2      | 1525 ||| READING scroll labelled UDOGHE WANA.
  1526 | D:2      | 1526 ||| DRINKING 3 murky coppery potions.
  1631 | D:2      | 1631 ||| READING 2 scrolls of identify.
  1631 | D:2      | 1631 ||| IDENTIFYING silvery potion
  1632 | D:2      | 1632 ||| DROPPING potion of brilliance.
  1633 | D:2      | 1633 ||| DROPPING 2 potions of berserk rage.
  1649 | D:3      | 1649 ||| INVOKING Spit Poison.
  1650 | D:3      | Reached skill level 5 in Ranged Weapons
  1652 | D:3      | 1652 ||| INVOKING Spit Poison.
  1653 | D:3      | Reached XP level 4. HP: 35/39 MP: 4/4
  1653 | D:3      | 1653 ||| STAIRDANCE
  1655 | D:2      | 1655 ||| INVOKING Spit Poison.
  1684 | D:3      | Found Guzafoz's Armour Emporium.
  1684 | D:3      | Noticed an animated gold dragon scales
  1686 | D:3      | Noticed an animated crystal plate armour
  1699 | D:3      | 1699 ||| BUYING +0 helmet (49 gold).
  1699 | D:3      | Bought a +0 helmet for 49 gold pieces
  1699 | D:3      | 1699 ||| BUYING +0 pair of gloves (49 gold).
  1699 | D:3      | Bought a +0 pair of gloves for 49 gold pieces
  1744 | D:3      | Identified the +0 mace "Weyl" {elec, Str+2}
  1747 | D:3      | 1747 ||| INVOKING Spit Poison.
  1769 | D:3      | 1769 ||| INVOKING Spit Poison.
  1772 | D:3      | 1772 ||| INVOKING Spit Poison.
  1977 | D:3      | 1977 ||| INVOKING Spit Poison.
  1988 | D:3      | 1988 ||| INVOKING Spit Poison.
  2191 | D:3      | 2191 ||| UPGRADING to +0 helmet.
  2196 | D:3      | 2196 ||| UPGRADING to +0 pair of gloves.
  2201 | D:3      | 2201 ||| DRINKING 2 bubbling golden potions.
  2202 | D:3      | 2202 ||| DROPPING potion of attraction.
  2237 | D:4      | 2237 ||| INVOKING Spit Poison.
  2240 | D:4      | Found a blossoming altar of Fedhas.
  2257 | D:4      | 2257 ||| INVOKING Spit Poison.
  2288 | D:4      | 2288 ||| INVOKING Spit Poison.
  2291 | D:4      | 2291 ||| INVOKING Spit Poison.
  2294 | D:4      | Reached skill level 3 in Fighting
  2338 | D:4      | 2338 ||| INVOKING Spit Poison.
  2378 | D:4      | 2378 ||| INVOKING Spit Poison.
  2380 | D:4      | Reached XP level 5. HP: 47/49 MP: 5/5
  2411 | D:4      | 2411 ||| INVOKING Spit Poison.
  2417 | D:4      | 2417 ||| INVOKING Spit Poison.
  2423 | D:4      | 2423 ||| INVOKING Spit Poison.
  2438 | D:4      | 2438 ||| INVOKING Spit Poison.
  2442 | D:4      | 2442 ||| INVOKING Spit Poison.
  2445 | D:4      | 2445 ||| INVOKING Spit Poison.
  2497 | D:4      | Noticed Ijyb
  2498 | D:4      | 2498 ||| INVOKING Spit Poison.
  2505 | D:4      | 2505 ||| INVOKING Spit Poison.
  2507 | D:4      | Killed Ijyb
  2509 | D:4      | 2509 ||| INVOKING Spit Poison.
  2628 | D:4      | 2628 ||| INVOKING Spit Poison.
  2754 | D:4      | 2754 ||| INVOKING Spit Poison.
  2760 | D:4      | 2760 ||| INVOKING Spit Poison.
  2761 | D:4      | Reached skill level 6 in Ranged Weapons
  2761 | D:4      | Reached XP level 6. HP: 56/56 MP: 6/6
  2847 | D:4      | 2847 ||| INVOKING Spit Poison.
  2850 | D:4      | 2850 ||| INVOKING Spit Poison.
  2854 | D:4      | Reached skill level 1 in Armour
  2881 | D:4      | 2881 ||| INVOKING Spit Poison.
  2887 | D:4      | 2887 ||| INVOKING Spit Poison.
  2950 | D:4      | Found an ornate altar of the Wu Jian Council.
  2973 | D:4      | Found a burning altar of Makhleb.
  3000 | D:4      | 3000 ||| INVOKING Spit Poison.
  3011 | D:4      | 3011 ||| INVOKING Spit Poison.
  3050 | D:4      | 3050 ||| INVOKING Spit Poison.
  3193 | D:4      | 3193 ||| UPGRADING to +0 ring mail of cold resistance.
  3203 | D:4      | 3203 ||| READING 2 scrolls labelled BETWISHREAQA.
  3204 | D:4      | 3204 ||| READING 2 scrolls of identify.
  3204 | D:4      | 3204 ||| IDENTIFYING lumpy inky potion
  3205 | D:4      | 3205 ||| DROPPING scroll of vulnerability.
  3206 | D:4      | 3206 ||| DROPPING potion of invisibility.
  3254 | D:5      | Entered Level 5 of the Dungeon
  3266 | D:5      | 3266 ||| INVOKING Spit Poison.
  3282 | D:5      | 3282 ||| INVOKING Spit Poison.
  3285 | D:5      | 3285 ||| INVOKING Spit Poison.
  3288 | D:5      | 3288 ||| INVOKING Spit Poison.
  3365 | D:5      | 3365 ||| INVOKING Spit Poison.
  3368 | D:5      | 3368 ||| INVOKING Spit Poison.
  3375 | D:5      | 3375 ||| INVOKING Spit Poison.
  3381 | D:5      | 3381 ||| INVOKING Spit Poison.
  3385 | D:5      | 3385 ||| INVOKING Spit Poison.
  3391 | D:5      | 3391 ||| INVOKING Spit Poison.
  3395 | D:5      | 3395 ||| INVOKING Spit Poison.
  3399 | D:5      | Reached XP level 7. HP: 51/64 MP: 7/7
  3457 | D:5      | 3457 ||| INVOKING Spit Poison.
  3467 | D:5      | 3467 ||| INVOKING Spit Poison.
  3472 | D:5      | 3472 ||| INVOKING Spit Poison.
  3475 | D:5      | 3475 ||| INVOKING Spit Poison.
  3582 | D:5      | 3582 ||| INVOKING Spit Poison.
  3586 | D:5      | 3586 ||| INVOKING Spit Poison.
  3589 | D:5      | 3589 ||| INVOKING Spit Poison.
  3642 | D:5      | 3642 ||| INVOKING Spit Poison.
  3646 | D:5      | 3646 ||| INVOKING Spit Poison.
  3648 | D:5      | Reached skill level 7 in Ranged Weapons
  3653 | D:5      | 3653 ||| INVOKING Spit Poison.
  3657 | D:5      | 3657 ||| INVOKING Spit Poison.
  3809 | D:5      | 3809 ||| INVOKING Spit Poison.
  3818 | D:5      | 3818 ||| INVOKING Spit Poison.
  3821 | D:5      | 3821 ||| INVOKING Spit Poison.
  3826 | D:5      | 3826 ||| INVOKING Spit Poison.
  3908 | D:5      | Found a runed translucent gate.
  3908 | D:5      | Found a runed translucent gate.
  3910 | D:5      | Found a runed translucent gate.
  3936 | D:5      | Noticed qw's ghost (novice GrFi)
  4104 | D:5      | 4104 ||| SWAPPING to +0 longbow.
  4105 | D:5      | 4105 ||| DROPPING +0 shortbow.
  4106 | D:5      | 4106 ||| READING scroll labelled DEOKAMANUNUM.
  4208 | D:5      | 4208 ||| DRINKING 2 fuming sapphire potions.
  4227 | D:6      | Found Yrost's Antique Armour Emporium.
  4231 | D:6      | 4231 ||| BUYING dyed leather armour (145 gold).
  4231 | D:6      | Bought a dyed leather armour for 145 gold pieces
  4241 | D:6      | 4241 ||| INVOKING Spit Poison.
  4293 | D:6      | 4293 ||| INVOKING Spit Poison.
  4299 | D:6      | 4299 ||| INVOKING Spit Poison.
  4371 | D:6      | Reached XP level 8. HP: 72/72 MP: 8/8
  4377 | D:6      | Found Paqegeg's Weapon Boutique.
  4413 | D:6      | 4413 ||| INVOKING Spit Poison.
  4416 | D:6      | 4416 ||| INVOKING Spit Poison.
  4419 | D:6      | Reached skill level 8 in Ranged Weapons
  4437 | D:6      | Found an iron altar of Okawaru.
  4438 | D:6      | 4438 ||| PLANNING OKAWARU WORSHIP
  4438 | D:6      | 4438 ||| DROPPING +0 leather armour.
  4439 | D:6      | 4439 ||| UPGRADING to +1 leather armour of cold resistance.
  4449 | D:6      | 4449 ||| DROPPING +0 ring mail of cold resistance.
  4455 | D:6      | Became a worshipper of Warmaster Okawaru
  4456 | D:6      | 4456 ||| PLANNING D:1-11
  4539 | D:6      | 4539 ||| INVOKING Spit Poison.
  4544 | D:6      | 4544 ||| INVOKING Spit Poison.
  4548 | D:6      | 4548 ||| INVOKING Spit Poison.
  4553 | D:6      | 4553 ||| INVOKING Spit Poison.
  4558 | D:6      | 4558 ||| INVOKING Spit Poison.
  4595 | D:6      | Found Myladgha's Antique Armour Shoppe.
  4604 | D:6      | 4604 ||| BUYING glowing robe (96 gold).
  4604 | D:6      | Bought a glowing robe for 96 gold pieces
  4604 | D:6      | 4604 ||| SHOPLISTING runed helmet (195 gold, have 21).
  4604 | D:6      | 4604 ||| SHOPLISTING runed leather armour (130 gold, have
                  | 21).
  4609 | D:6      | 4609 ||| INVOKING Spit Poison.
  4613 | D:6      | 4613 ||| INVOKING Spit Poison.
  4617 | D:6      | 4617 ||| INVOKING Spit Poison.
  4621 | D:6      | 4621 ||| INVOKING Spit Poison.
  4623 | D:6      | 4623 ||| UPGRADING to +2 robe of fire resistance.
  4624 | D:6      | 4624 ||| UPGRADING to +2 robe of fire resistance.
  4625 | D:6      | 4625 ||| UPGRADING to +2 robe of fire resistance.
  4628 | D:6      | HP: 18/73 [gnoll sergeant/+0 spear (5)]
  4630 | D:6      | 4630 ||| READING 2 scrolls of teleportation.
  4631 | D:6      | 4631 ||| UPGRADING to +2 robe of fire resistance.
  4632 | D:6      | HP: 3/73 [gnoll sergeant/+0 spear (6)]
  4870 | D:6      | 4870 ||| INVOKING Spit Poison.
  4936 | D:6      | 4936 ||| INVOKING Spit Poison.
  4970 | D:6      | 4970 ||| INVOKING Spit Poison.
  4971 | D:6      | 4971 ||| INVOKING Spit Poison.
  5551 | D:7      | 5551 ||| INVOKING Spit Poison.
  5554 | D:7      | 5554 ||| INVOKING Spit Poison.
  5559 | D:7      | 5559 ||| STAIRDANCE
  5561 | D:6      | 5561 ||| INVOKING Spit Poison.
  5649 | D:7      | 5649 ||| INVOKING Spit Poison.
  5653 | D:7      | 5653 ||| STAIRDANCE
  5688 | D:7      | 5688 ||| INVOKING Spit Poison.
  5690 | D:7      | Reached skill level 9 in Ranged Weapons
  5700 | D:7      | Noticed a wyvern
  5701 | D:7      | 5701 ||| INVOKING Spit Poison.
  5705 | D:7      | 5705 ||| INVOKING Spit Poison.
  5706 | D:7      | Killed a wyvern
  5706 | D:7      | Reached * piety under Okawaru
  5707 | D:7      | Reached skill level 3 in Dodging
  5709 | D:7      | 5709 ||| INVOKING Spit Poison.
  5914 | D:7      | 5914 ||| INVOKING Spit Poison.
  5915 | D:7      | Reached skill level 1 in Invocations
  5915 | D:7      | Reached XP level 9. HP: 61/81 MP: 8/10
  6039 | D:7      | 6039 ||| INVOKING Heroism.
  6040 | D:7      | 6040 ||| INVOKING Spit Poison.
  6107 | D:7      | Found a staircase to the Ecumenical Temple.
  6110 | D:7      | 6110 ||| INVOKING Spit Poison.
  6113 | D:7      | 6113 ||| INVOKING Spit Poison.
  6121 | D:7      | Found a shadowy altar of Dithmenos.
  6143 | D:7      | Reached skill level 3 in Invocations
  6174 | D:7      | 6174 ||| INVOKING Spit Poison.
  6180 | D:7      | 6180 ||| INVOKING Spit Poison.
  6181 | D:7      | Reached skill level 6 in Fighting
  6189 | D:7      | 6189 ||| INVOKING Spit Poison.
  6194 | D:7      | 6194 ||| INVOKING Spit Poison.
  6409 | D:7      | 6409 ||| DRINKING 2 bubbling clear potions.
  6410 | D:7      | 6410 ||| DRINKING 2 pink potions.
  6411 | D:7      | 6411 ||| READING 2 scrolls of identify.
  6411 | D:7      | 6411 ||| IDENTIFYING metallic ruby potion
  6412 | D:7      | 6412 ||| DROPPING potion of ambrosia.
  6449 | D:8      | Noticed Prince Ribbit
  6450 | D:8      | 6450 ||| INVOKING Heroism.
  6451 | D:8      | 6451 ||| INVOKING Spit Poison.
  6458 | D:8      | 6458 ||| INVOKING Spit Poison.
  6460 | D:8      | Killed Prince Ribbit
  6487 | D:8      | 6487 ||| INVOKING Spit Poison.
  6528 | D:8      | 6528 ||| INVOKING Spit Poison.
  6588 | D:8      | 6588 ||| INVOKING Spit Poison.
  6656 | D:8      | Found Nemekuwn's Fire Supplies.
  6671 | D:8      | 6671 ||| SHOPLISTING +0 hat of fire resistance (176 gold,
                  | have 84).
  6671 | D:8      | 6671 ||| SHOPLISTING +2 ring mail of fire resistance (336
                  | gold, have 84).
  6689 | D:8      | 6689 ||| INVOKING Spit Poison.
  6692 | D:8      | 6692 ||| INVOKING Spit Poison.
  6744 | D:8      | 6744 ||| INVOKING Spit Poison.
  6749 | D:8      | 6749 ||| INVOKING Spit Poison.
  6753 | D:8      | 6753 ||| INVOKING Spit Poison.
  6757 | D:8      | 6757 ||| INVOKING Spit Poison.
  6807 | D:8      | Noticed a hornet
  6808 | D:8      | 6808 ||| INVOKING Spit Poison.
  6813 | D:8      | 6813 ||| INVOKING Spit Poison.
  6816 | D:8      | Paralysed by a hornet for 1 turns
  6817 | D:8      | 6817 ||| INVOKING Heroism.
  6819 | D:8      | Killed a hornet
  6820 | D:8      | Reached skill level 10 in Ranged Weapons
  6967 | D:8      | 6967 ||| INVOKING Spit Poison.
  6969 | D:8      | Noticed Erica
  6970 | D:8      | 6970 ||| INVOKING Heroism.
  6972 | D:8      | 6972 ||| INVOKING Spit Poison.
  6980 | D:8      | 6980 ||| INVOKING Spit Poison.
  6981 | D:8      | Killed Erica
  6981 | D:8      | Reached ** piety under Okawaru
  6982 | D:8      | Reached XP level 10. HP: 78/96 MP: 11/13
  7138 | D:8      | 7138 ||| INVOKING Spit Poison.
  7165 | D:8      | 7165 ||| INVOKING Spit Poison.
  7168 | D:8      | 7168 ||| INVOKING Spit Poison.
  7190 | D:8      | Noticed Pikel
  7192 | D:8      | 7192 ||| INVOKING Spit Poison.
  7195 | D:8      | Killed Pikel
  7245 | D:8      | 7245 ||| READING scroll of enchant armour.
  7245 | D:8      | 7245 ||| ENCHANTING +0 pair of gloves.
  7376 | D:8      | 7376 ||| DROPPING +1 leather armour of cold resistance.
  7377 | D:8      | 7377 ||| UPGRADING to +2 robe of resistance.
  7387 | D:8      | 7387 ||| DROPPING +2 robe of fire resistance.
  7388 | D:8      | 7388 ||| READING 2 scrolls of identify.
  7388 | D:8      | 7388 ||| IDENTIFYING sedimented silvery potion
  7389 | D:8      | 7389 ||| DROPPING potion of degeneration.
  7454 | D:9      | 7454 ||| Stepping ~*~*~tactically~*~*~ (outnumbered).
  7455 | D:9      | 7455 ||| INVOKING Spit Poison.
  7462 | D:9      | 7462 ||| INVOKING Spit Poison.
  7468 | D:9      | 7468 ||| INVOKING Spit Poison.
  7474 | D:9      | 7474 ||| INVOKING Spit Poison.
  7551 | D:9      | 7551 ||| Stepping ~*~*~tactically~*~*~ (outnumbered).
  7553 | D:9      | 7553 ||| Stepping ~*~*~tactically~*~*~ (outnumbered).
  7555 | D:9      | 7555 ||| Stepping ~*~*~tactically~*~*~ (outnumbered).
  7557 | D:9      | 7557 ||| Stepping ~*~*~tactically~*~*~ (outnumbered).
  7559 | D:9      | 7559 ||| Stepping ~*~*~tactically~*~*~ (outnumbered).
  7560 | D:9      | 7560 ||| INVOKING Spit Poison.
  7565 | D:9      | 7565 ||| INVOKING Spit Poison.
  7571 | D:9      | 7571 ||| INVOKING Spit Poison.
  7575 | D:9      | 7575 ||| INVOKING Spit Poison.
  7661 | D:9      | Noticed a two-headed ogre
  7662 | D:9      | 7662 ||| INVOKING Heroism.
  7664 | D:9      | 7664 ||| INVOKING Spit Poison.
  7667 | D:9      | Killed a two-headed ogre
  7668 | D:9      | Reached skill level 11 in Ranged Weapons
  7717 | D:9      | 7717 ||| INVOKING Spit Poison.
  7720 | D:9      | 7720 ||| INVOKING Spit Poison.
  7771 | D:9      | 7771 ||| INVOKING Heroism.
  7775 | D:9      | 7775 ||| INVOKING Spit Poison.
  7816 | D:9      | 7816 ||| INVOKING Spit Poison.
  7820 | D:9      | 7820 ||| INVOKING Heroism.
  7821 | D:9      | 7821 ||| INVOKING Spit Poison.
  7973 | D:9      | 7973 ||| INVOKING Heroism.
  7974 | D:9      | 7974 ||| INVOKING Spit Poison.
  7981 | D:9      | 7981 ||| INVOKING Spit Poison.
  8198 | D:9      | 8198 ||| INVOKING Spit Poison.
  8203 | D:9      | 8203 ||| INVOKING Spit Poison.
  8204 | D:9      | 8204 ||| INVOKING Heroism.
  8207 | D:9      | 8207 ||| INVOKING Spit Poison.
  8415 | D:9      | Found a runed translucent gate.
  8415 | D:9      | Found a runed translucent gate.
  8415 | D:9      | Found a runed translucent gate.
  8415 | D:9      | Noticed qw's ghost (journeyman GrHu)
  8418 | D:9      | 8418 ||| READING scroll labelled FIOBAIMISA.
  8419 | D:9      | Found a basalt altar of Yredelemnul.
  8420 | D:9      | 8420 ||| READING scroll labelled YPNOSA HAPLI.
  8421 | D:9      | 8421 ||| READING 2 scrolls of identify.
  8421 | D:9      | 8421 ||| IDENTIFYING purple potion
  9573 | D:10     | Entered Level 10 of the Dungeon
  9582 | D:10     | 9582 ||| INVOKING Spit Poison.
  9586 | D:10     | 9586 ||| INVOKING Spit Poison.
  9591 | D:10     | 9591 ||| INVOKING Spit Poison.
  9665 | D:10     | 9665 ||| INVOKING Spit Poison.
  9669 | D:10     | 9669 ||| INVOKING Spit Poison.
  9676 | D:10     | 9676 ||| INVOKING Spit Poison.
  9678 | D:10     | 9678 ||| INVOKING Heroism.
  9684 | D:10     | 9684 ||| INVOKING Spit Poison.
  9686 | D:10     | Reached skill level 12 in Ranged Weapons
  9690 | D:10     | 9690 ||| INVOKING Spit Poison.
  9697 | D:10     | 9697 ||| INVOKING Spit Poison.
  9845 | D:10     | Found a staircase to the Lair.
  9898 | D:10     | Found a runed translucent gate.
  9898 | D:10     | Found a runed translucent gate.
  9903 | D:10     | Noticed qw's ghost (journeyman NaHu)
  9905 | D:10     | 9905 ||| INVOKING Spit Poison.
  9925 | D:10     | Found a runed translucent gate.
  9931 | D:10     | Noticed Erolcha
  9932 | D:10     | 9932 ||| INVOKING Heroism.
  9938 | Abyss:2  | Cast into level 2 of the Abyss (Erolcha)
  9965 | Abyss:2  | Noticed a starcursed mass
  9968 | Abyss:2  | 9968 ||| Stepping ~*~*~tactically~*~*~ (outnumbered).
  9975 | Abyss:2  | 9975 ||| Stepping ~*~*~tactically~*~*~ (outnumbered).
  9981 | Abyss:2  | Paralysed by accursed screaming for 1 turns
  9982 | Abyss:2  | 9982 ||| INVOKING Heroism.
  9987 | Abyss:2  | Killed a starcursed mass
  9988 | Abyss:2  | Reached XP level 11. HP: 48/103 MP: 11/14
  9995 | Abyss:2  | HP: 22/103 [starcursed mass (10)]
  9996 | Abyss:2  | 9996 ||| READING 2 scrolls of teleportation.
  9997 | Abyss:2  | 9997 ||| DRINKING potion of heal wounds.
 10000 | Abyss:2  | Killed a starcursed mass
 10001 | Abyss:2  | Noticed a starcursed mass
 10010 | Abyss:2  | 10010 ||| INVOKING Heroism.
 10194 | Abyss:2  | 10194 ||| INVOKING Heroism.
 10195 | Abyss:2  | 10195 ||| INVOKING Spit Poison.
 10202 | Abyss:2  | 10202 ||| INVOKING Spit Poison.
 10278 | Abyss:2  | Found a corrupted altar of Lugonu.
 10278 | Abyss:2  | Noticed a will-o-the-wisp
 10285 | Abyss:2  | 10285 ||| Stepping ~*~*~tactically~*~*~ (outnumbered).
 10286 | Abyss:2  | 10286 ||| INVOKING Heroism.
 10289 | Abyss:2  | 10289 ||| INVOKING Spit Poison.
 10291 | Abyss:2  | Killed a will-o-the-wisp
 10292 | Abyss:2  | Reached skill level 13 in Ranged Weapons
 10293 | Abyss:2  | HP: 9/103 [raiju/living lightning (25)]
 10294 | Abyss:2  | 10294 ||| READING scroll of teleportation.
 10295 | Abyss:2  | Killed from afar by a raiju

Levels and vault maps discovered:
D:1:      dpeg_arrival_shelter, layout_basic
D:2:      layout_basic, nrook_loot_triangle
D:3:      layout_basic, serial_shops, nicolae_shop_mannequins
D:4:      layout_cave_pods, grunt_temple_overflow_open, fedhas_altar_1,
          serial_park, serial_park_fountain, serial_park_square3
          [serial_park_minivault_5x5_1], serial_park_tiny_2, uniq_ijyb
D:5:      layout_basic, serial_demonic, serial_demonic_f, serial_demonic_b,
          serial_demonic_g, serial_demonic_f, gammafunk_ghost_icy,
          nicolae_half_adder
D:6:      layout_basic, okawaru_gym_becter, serial_shops,
          nicolae_inconvenience_store, nicolae_shop_hallway_stairs,
          nicolae_shop_overgrown_old_shop
D:7:      layout_loops_ring, pf_just_have_faith,
          minmay_temple_entry_statues_fountains
D:8:      layout_gridville, nicolae_shop_fire_sale [nicolae_sub_dead_trees],
          uniq_pikel, uniq_erica, uniq_prince_ribbit1
D:9:      layout_roguey, nicolae_yredelemnul_ghost_church
D:10:     layout_rooms, erik_lair_orcish_takeover, gammafunk_ghost_split,
          uniq_erolcha
Abyss:2:  base:
D:5

Skill      XL: |  1  2  3  4  5  6  7  8  9 10 11 |
---------------+----------------------------------+-----
Ranged Weapons | 4 5 6 7 9 10 12 13 | 13.1
Fighting       | 3 4 5 8 |  8.0
Armour         | 1 |  1.3
Dodging        | 2 3 4 |  4.0
Invocations    | 1 4 |  4.1
Stealth        | |  1.5

Action                     |  1- 3 |  4- 6 |  7- 9 | 10-12 || total
---------------------------+-------+-------+-------+-------++-------
   Fire: Shortbow          |    57 |   133 |    56 |       ||   246
         Longbow           |       |       |   160 |   197 ||   357
 Invoke: Heroism           |       |       |     4 |    11 ||    15
Ability: Spit Poison       |    32 |    42 |    64 |    36 ||   174
    Use: Scroll            |    11 |     2 |     3 |     7 ||    23
         Potion            |     1 |     1 |     3 |     1 ||     6
 Armour: Leather armour    |     9 |    20 |    14 |       ||    43
         Ring mail         |       |    25 |    41 |       ||    66
         Robe              |       |       |    13 |    31 ||    44
  Dodge: Dodged            |     8 |    41 |    84 |    63 ||   196

Table legend:
 A = Non-vault XP
 B = Vault XP
 C = Vault XP percentage of total XP
 D = Non-vault monster count
 E = Vault monster count
 F = Vault count percentage of total count
                 A         B        C        D         E       F
            +---------+---------+-------+---------+---------+-------
      Total |    8705 |    2520 |  22.4 |     178 |      28 |  13.6
            +---------+---------+-------+---------+---------+-------
        D:1 |      39 |       0 |   0.0 |      21 |       0 |   0.0
        D:2 |      43 |       0 |   0.0 |      17 |       0 |   0.0
        D:3 |      29 |       0 |   0.0 |      11 |       0 |   0.0
        D:4 |     354 |      56 |  13.7 |      24 |       4 |  14.3
        D:5 |     417 |     127 |  23.3 |      11 |      11 |  50.0
        D:6 |     790 |       0 |   0.0 |      21 |       0 |   0.0
        D:7 |    1072 |       0 |   0.0 |      15 |       0 |   0.0
        D:8 |    1063 |    1741 |  62.1 |      12 |       3 |  20.0
        D:9 |    1781 |      89 |   4.8 |      26 |       2 |   7.1
       D:10 |     847 |     507 |  37.4 |       8 |       8 |  50.0
    Abyss:2 |    2270 |       0 |   0.0 |      12 |       0 |   0.0
            +---------+---------+-------+---------+---------+-------
